AoeStats
← Erick El Rojo

Arena

507314010Analyzed
1v1 RM · 16d ago on Sep 17, 2026· 31m 48s· 2 players
Game mode
Random Map
Map size
Tiny (2 player)
Population
200
Speed
Normal
Resources
Standard
Victory
Conquest
Starting age
Dark Age
Ending age
Imperial Age
RankedLock teamsTeams togetherTeam positionsShared explorationLock speedFull tech treeHidden civsTurbo modeCheats
Victory
Defeat
🇦🇷 Teutons · Argentina
1186
+17
🇲🇽 Cumans · Mexico
1199
-17
joseguevara07-
6:55 Loom
6:56 Loom
9:50 Feudal Age
11:18 Double-Bit Axe
11:13 Horse Collar
16:05 Castle Age
14:37 Scale Mail Armor
14:37 Man-at-Arms
21:51 Fervor
25:24 Forging
25:20 Scale Barding Armor
26:50 Wheelbarrow
26:00 Town Watch
29:50 Imperial Age
27:42 Fletching
27:56 Gold Mining
28:23 Stone Mining
28:52 Bloodlines
29:14 Bow Saw
31:49 Chemistry
Erick El Rojo
10:20 Feudal Age
14:28 Castle Age
13:41 Double-Bit Axe
13:46 Horse Collar
19:29 Wheelbarrow
21:06 Hand Cart
21:41 Bow Saw
27:41 Imperial Age
25:00 Loom
25:01 Town Watch
26:06 Town Patrol
26:20 Forging
28:49 Iron Casting
28:18 Heavy Plow
28:44 Elite Steppe Lancer
29:35 Bloodlines
Connection lost

Rejoining the realm…

Still unreachable

The connection could not be restored.

Session expired

The server has moved on; the page needs a fresh start.